Cogmind - Beta 12 @@@ ROGUE MODE // 2023.03.03 @ 18:09:32 Player: Plexion Result: Self-destructed Performance ------------- Evolutions (2) 1000 Regions Visited (5) 1000 Robots Destroyed (14) 70 Value Destroyed (345) 345 Prototype IDs (23) 460 Alien Tech Used (0) 0 Bonus (300) 300 TOTAL SCORE: 3175 Bonus ------- Aligned with FarCom 300 Cogmind --------- Core Integrity 514/550 Matter 259/300 Energy 9/125 System Corruption 0% Temperature Cool (0) Movement Treading (240) Ox1 Location -8/Materials Parts ------- > --- POWER (1) -------- Light Ion Engine > --- PROPULSION (3) --- Improved Treads Improved Treads > --- UTILITY (5) ------ High-capacity Storage Unit Shield Generator > --- WEAPON (2) ------- Assault Rifle Minigun > --- INVENTORY (20) --- Light Treads Light Treads Improved Treads Machine Analyzer Small Laser Light Assault Rifle Light Assault Rifle AWS/Gauss Grenade Launcher Rocket Launcher Plasma Cutter Peak State ------------ > --- POWER ------------ Light Ion Engine > --- PROPULSION ------- Improved Treads Improved Treads Improved Treads > --- UTILITY ---------- High-capacity Storage Unit Shield Generator > --- WEAPON ----------- Light Assault Rifle Minigun > --- INVENTORY -------- Light Treads Light Treads Improved Treads Machine Analyzer Small Laser Light Assault Rifle AWS/Gauss Grenade Launcher Rocket Launcher Plasma Cutter [Rating: 17] Favorites ----------- Power Light Ion Engine Engine Light Ion Engine Propulsion Improved Treads Treads Improved Treads Utility High-capacity Storage Unit Device Shield Generator Storage High-capacity Storage Unit Weapon Light Assault Rifle Ballistic Gun Light Assault Rifle Launcher Grenade Launcher Build | -11 -10 -10 -10 -9 -8 ------- Run | Jun Mat Min Exi Min Mat Slots Evolved 4 | . . . . . 4 Power . | . . . . . . Propulsion 1 | . . . . . 1 Utility 3 | . . . . . 3 Weapon . | . . . . . . Parts Attached 19 | 6 3 1 1 5 3 Power 2 | 1 . 1 . . . Engine 2 | 1 . 1 . . . Core . | . . . . . . Reactor . | . . . . . . Propulsion 5 | 2 2 . . . 1 Treads 5 | 2 2 . . . 1 Leg . | . . . . . . Wheel . | . . . . . . Hover . | . . . . . . Flight . | . . . . . . Utility 4 | 1 1 . 1 1 . Device 1 | . . . . 1 . Storage 3 | 1 1 . 1 . . Processor . | . . . . . . Hackware . | . . . . . . Protection . | . . . . . . Artifact . | . . . . . . Weapon 8 | 2 . . . 4 2 Energy Gun . | . . . . . . Energy Cannon . | . . . . . . Ballistic Gun 6 | 2 . . . 2 2 Ballistic Cannon . | . . . . . . Launcher 2 | . . . . 2 . Special Weapon . | . . . . . . Impact Weapon . | . . . . . . Slashing Weapon . | . . . . . . Piercing Weapon . | . . . . . . Special Melee Weapon . | . . . . . . Unidentified Prototypes . | . . . . . . Parts Lost 2 | . . 1 . . 1 Power 1 | . . 1 . . . Propulsion 1 | . . . . . 1 Utility . | . . . . . . Weapon . | . . . . . . Highest Loss Streak 1 | . . 1 . . 1 To Critical Strikes . | . . . . . . Average Slot Usage (%) 87 | . 85 73 85 97 71 Engine 11 | . 14 2 14 14 9 Treads 27 | . 28 28 28 28 26 Device 5 | . . . . 11 9 Storage 13 | . 14 14 14 14 9 Ballistic Gun 27 | . 28 28 28 27 18 Naked Turns . | . . . . . . Heaviest Build 65 | 10 25 25 65 47 50 Greatest Support 69 | 40 46 46 46 46 69 Greatest Overweight (x) 1 | . . . 1 1 1 Average Overweight (x) . | . . . . . . Largest Inventory Capacity 20 | 8 15 15 20 20 20 Average Capacity 17 | 6 13 15 15 20 20 Most Carried 12 | 2 8 8 10 12 12 Average Carried 8 | 1 4 7 7 10 11 Final Capacity 20 | 8 15 15 20 20 20 Final Carried 12 | 2 8 7 9 11 12 Class Distribution -------------------- 100% | Mutant Dominant Class ---------------- Mutant | -10/Materials Mutant | -10/Mines Mutant | -10/Exiles Mutant | -9/Mines Mutant | -8/Materials Resources | -11 -10 -10 -10 -9 -8 ----------- Run | Jun Mat Min Exi Min Mat Matter Collected 495 | 217 91 33 . 154 . Remotely . | . . . . . . Salvage Created 460 | . 136 119 . 205 . Parts 30 | . 13 7 . 10 . Haulers Intercepted 1 | . 1 . . . . Recyclers Shooed 1 | . 1 . . . . Parts Field Recycled . | . . . . . . Retrieved Matter . | . . . . . . Parts Self-Destructed . | . . . . . . Prevented . | . . . . . . Kills | -11 -10 -10 -10 -9 -8 ------- Run | Jun Mat Min Exi Min Mat Combat Hostiles Destroyed 9 | . 2 2 . 5 . Guns 5 | . 2 2 . 1 . AOE 4 | . . . . 4 . Classes Destroyed 8 | . 4 2 . 2 . Worker 1 | . . 1 . . . Hauler 1 | . 1 . . . . Recycler 1 | . . . . 1 . Mechanic 1 | . 1 . . . . Watcher 1 | . 1 . . . . Swarmer 2 | . 2 . . . . Grunt 6 | . . 2 . 4 . Duelist 1 | . . . . 1 . Best Kill Streak 3 | . 3 2 . 3 . Combat Bots Only 3 | . 2 2 . 3 . Max Kills in Single Turn 2 | . 2 1 . 2 . Gunslinging 1 | . 1 . . . . Exploded 2 | . . . . 2 . Melee . | . . . . . . Uniques/NPCs Destroyed . | . . . . . . Combat | -11 -10 -10 -10 -9 -8 -------- Run | Jun Mat Min Exi Min Mat Damage Taken 657 | . 124 205 . 47 281 Core 78 | . 21 21 . . 36 Absorbed by Shields 51 | . . . . 18 33 Core Remaining (%) 91 | 100 . . . 83 . Volleys Fired 45 | . 12 16 . 15 2 Largest 2 | . 2 2 . 2 2 Hottest 45 | . 40 40 . 40 45 Shots Fired 83 | . 24 32 . 23 4 Gun 76 | . 24 32 . 16 4 Cannon . | . . . . . . Launcher 7 | . . . . 7 . Special . | . . . . . . Kinetic 76 | . 24 32 . 16 4 Thermal . | . . . . . . Explosive 7 | . . . . 7 . Electromagnetic . | . . . . . . Robot Hit Streak 7 | . 6 7 . 7 2 Robot Miss Streak 3 | . 3 2 . 2 3 Penetration Max . | . . . . . . Secondary Targets 1 | . 1 . . . . Max Gunslinging Chain 1 | . 1 . . . . Shots Hit Robots 47 | . 13 21 . 11 2 Core Hits 35 | . 10 10 . 15 . Critical Kills . | . . . . . . Critical Parts Destroyed 1 | . . 1 . . . Critical Strikes 1 | . . 1 . . . Destroy 1 | . . 1 . . . Melee Attacks . | . . . . . . Impact . | . . . . . . Slashing . | . . . . . . Piercing . | . . . . . . Sneak Attacks . | . . . . . . Combat Hostiles . | . . . . . . Follow-up Attacks . | . . . . . . Damage Inflicted 844 | . 115 194 . 503 32 Guns 414 | . 115 194 . 73 32 Cannons . | . . . . . . Explosions 430 | . . . . 430 . Melee . | . . . . . . Ramming . | . . . . . . Kinetic 414 | . 115 194 . 73 32 Thermal . | . . . . . . Explosive 430 | . . . . 430 . Electromagnetic . | . . . . . . Impact . | . . . . . . Slashing . | . . . . . . Piercing . | . . . . . . Highest Corruption . | . . . . . . Average Corruption . | . . . . . . Corruption Purged . | . . . . . . Corruption Blocked . | . . . . . . Overload Shots . | . . . . . . Overflow Damage . | . . . . . . Projectiles . | . . . . . . Explosions . | . . . . . . Melee . | . . . . . . Knockbacks . | . . . . . . Impact . | . . . . . . Kinetic . | . . . . . . Secondary . | . . . . . . Self-Inflicted Damage . | . . . . . . Shots . | . . . . . . Rammed . | . . . . . . Targets Rammed . | . . . . . . Kicked . | . . . . . . Crushed . | . . . . . . Highest Temperature 23 | . . 23 . 3 5 Average Temperature 6 | . . 8 . 2 3 Received Heat Transfer 196 | . . 138 . 37 21 Siege Activations . | . . . . . . Robots Corrupted . | . . . . . . Combat Hostiles . | . . . . . . Parts Fried . | . . . . . . Impact Corruptions . | . . . . . . Robots Melted . | . . . . . . Combat Hostiles . | . . . . . . Parts Melted . | . . . . . . Heat Transferred . | . . . . . . Parts Sabotaged . | . . . . . . Parts Stolen . | . . . . . . Parts Stripped . | . . . . . . Power Chain Reactions . | . . . . . . Missiles Intercepted . | . . . . . . Alert | -11 -10 -10 -10 -9 -8 ------- Run | Jun Mat Min Exi Min Mat Peak Influence 162 | . 84 77 . 162 . Initial 32 | . . 32 . . . Average 32 | . 25 67 . 25 . Maximum Alert Level . | . . . . . . Low Security (%) 100 | 100 100 100 . 100 100 Level 1 . | . . . . . . Level 2 . | . . . . . . Level 3 . | . . . . . . Level 4 . | . . . . . . Level 5 . | . . . . . . High Security . | . . . . . . Max Security . | . . . . . . Squads Dispatched 2 | . . . . . 2 Investigation . | . . . . . . Extermination . | . . . . . . Reinforcement 1 | . . . . . 1 Assault 1 | . . . . . 1 Garrison . | . . . . . . Intercept . | . . . . . . Searches Triggered . | . . . . . . Construction Impeded . | . . . . . . Haulers Reinforced . | . . . . . . Active Scanning Responses . | . . . . . . Cargo Convoy Interrupts . | . . . . . . Stealth | -11 -10 -10 -10 -9 -8 --------- Run | Jun Mat Min Exi Min Mat Distress Signals 1 | . 1 . . . . Communications Jammed . | . . . . . . Distress Signals . | . . . . . . Times Spotted 19 | . 9 2 . 5 3 Peak Tracking Total 4 | . 4 2 . 3 3 Tactical Retreats . | . . . . . . Traps | -11 -10 -10 -10 -9 -8 ------- Run | Jun Mat Min Exi Min Mat Traps Triggered . | . . . . . . Indirectly . | . . . . . . Trap Hack Attempts . | . . . . . . Triggered . | . . . . . . Disarmed . | . . . . . . Reprogrammed . | . . . . . . Reused . | . . . . . . Traps Extracted . | . . . . . . Installed . | . . . . . . Triggered . | . . . . . . Machines | -11 -10 -10 -10 -9 -8 ---------- Run | Jun Mat Min Exi Min Mat Machines Disabled 1 | . . . . 1 . Max in Single Turn 1 | . . . . 1 . Garrison Access 1 | . . . . . 1 Machines Repaired . | . . . . . . Machines Sabotaged . | . . . . . . Overloaded Fab Kills . | . . . . . . Hacking | -11 -10 -10 -10 -9 -8 --------- Run | Jun Mat Min Exi Min Mat Machines Accessed 2 | . . . 2 . . Terminals . | . . . . . . Fabricators . | . . . . . . Repair Stations . | . . . . . . Recycling Units . | . . . . . . Scanalyzers . | . . . . . . Garrison Access . | . . . . . . Total Hacks 5 | . . . 5 . . Successful 5 | . . . 5 . . Failed . | . . . . . . Catastrophic . | . . . . . . Database Lockouts . | . . . . . . Manual 1 | . . . 1 . . Terminals . | . . . . . . Fabricators . | . . . . . . Repair Stations . | . . . . . . Recycling Units . | . . . . . . Scanalyzers . | . . . . . . Garrison Access . | . . . . . . Terminal Hacks 5 | . . . 5 . . Record 4 | . . . 4 . . EX-Prototype ID Bank 1 | . . . 1 . . Fabricator Hacks . | . . . . . . Repair Station Hacks . | . . . . . . Recycling Unit Hacks . | . . . . . . Scanalyzer . | . . . . . . Garrison Access Hacks . | . . . . . . Unauthorized Hacks . | . . . . . . Terminals . | . . . . . . Fabricators . | . . . . . . Repair Stations . | . . . . . . Recycling Units . | . . . . . . Scanalyzers . | . . . . . . Garrison Access . | . . . . . . Data Cores Recovered . | . . . . . . Used . | . . . . . . Hacking Detections . | . . . . . . Full Trace Events . | . . . . . . Feedback Events . | . . . . . . Feedback Blocked . | . . . . . . Robot Schematics Acquired . | . . . . . . Robots Built . | . . . . . . Authchips . | . . . . . . Time . | . . . . . . Total Robot Build Rating . | . . . . . . Part Schematics Acquired . | . . . . . . Parts Built . | . . . . . . Authchips . | . . . . . . Time . | . . . . . . Total Part Build Rating . | . . . . . . Parts Repaired . | . . . . . . Time . | . . . . . . Parts Recycled . | . . . . . . Recycled Matter . | . . . . . . Retrieved Matter . | . . . . . . Retrieved Components . | . . . . . . Parts Scanalyzed . | . . . . . . Part Schematics Acquired . | . . . . . . Parts Damaged . | . . . . . . Bothacking | -11 -10 -10 -10 -9 -8 ------------ Run | Jun Mat Min Exi Min Mat Used RIF Installer . | . . . . . . Robots Hacked . | . . . . . . Non-combat . | . . . . . . Combat . | . . . . . . Robot Hacks Applied . | . . . . . . Relay Couplers Released 1 | . . . . . 1 Machine Destruction 1 | . . . . . 1 Fabnet Peak Effective % . | . . . . . . Robots Rewired . | . . . . . . Allies Hacked . | . . . . . . Hacks Repelled . | . . . . . . Allies | -11 -10 -10 -10 -9 -8 -------- Run | Jun Mat Min Exi Min Mat Total Allies 4 | . . . . 4 . Largest Group 4 | . . . . 4 4 Highest-Rated Group 71 | . . . . 71 71 Highest-Rated Ally 31 | . . . . 31 31 Total Orders . | . . . . . . Ally Attacks 4 | . . . . . 4 Total Damage 57 | . . . . . 57 Kills . | . . . . . . Allies Corrupted . | . . . . . . Allies Melted . | . . . . . . Intel | -11 -10 -10 -10 -9 -8 ------- Run | Jun Mat Min Exi Min Mat Robot Analysis Total . | . . . . . . Derelict Logs Recovered 2 | . . . . 2 . Drone Launches . | . . . . . . Drone Recoveries . | . . . . . . Exploration | -11 -10 -10 -10 -9 -8 ------------- Run | Jun Mat Min Exi Min Mat Turns Passed 2070 | 71 169 382 459 876 113 Spaces Moved 1036 | 41 80 189 283 379 64 Core 4 | 4 . . . . . Treads 1032 | 37 80 189 283 379 64 Legs . | . . . . . . Wheels . | . . . . . . Hover . | . . . . . . Flight . | . . . . . . Fastest Speed 50 | 50 160 160 160 160 160 Average Speed 181 | 149 160 160 161 219 161 Slowest Speed 240 | 160 160 160 240 240 240 Overloaded Moves . | . . . . . . Propulsion Burnouts . | . . . . . . Robots Hopped . | . . . . . . Cave-ins Triggered . | . . . . . . Exploration Rate (%) 32 | 4 28 16 69 69 10 Regions Visited 5 Branch Regions 3 Pre-discovered Areas 2 | . . . 1 1 . Known Exits Taken . | . . . . . . Unknown Exits Taken 5 | 1 1 1 1 1 . Scrap Searched 3 | . . 1 . 2 . Spaces Dug . | . . . . . . Terrain Destroyed 23 | . . . . 23 . Melee . | . . . . . . Projectile . | . . . . . . AOE 23 | . . . . 23 . Terrain Rammed . | . . . . . . Walls Destroyed . | . . . . . . Machines Disabled . | . . . . . . Actions | -11 -10 -10 -10 -9 -8 --------- Run | Jun Mat Min Exi Min Mat Total 1148 | 48 101 243 286 401 69 Wait 39 | . 1 38 . . . Move 1031 | 40 79 188 282 378 64 Hop . | . . . . . . Pick Up 10 | 2 4 . 1 3 . Fast Attach 8 | 6 1 . 1 . . Attach 3 | . . 1 . 1 1 Detach 2 | . 1 . 1 . . Swap 8 | . 2 . . 4 2 Drop 2 | . 1 . 1 . . Fire 45 | . 12 16 . 15 2 Melee . | . . . . . . Ram . | . . . . . . Kick . | . . . . . . Crush . | . . . . . . Escape Stasis . | . . . . . . Rewire . | . . . . . . Trap . | . . . . . . Miscellaneous . | . . . . . . Route ------- -11/Junkyard -10/Materials -10/Mines -10/Exiles -9/Mines -8/Materials History --------- Turn | Location | Event 2 | -11/Junkyard | Discovered new exit (range 16) 72 | -11/Junkyard | Entered Materials 229 | -10/Materials | Discovered new exit (range 7) 241 | -10/Materials | Entered Mines 311 | -10/Mines | Build established: Mutant 401 | -10/Mines | Deemed a non-threat by the Exiles lab entrance 401 | -10/Mines | Discovered new exit (range 5) 509 | -10/Mines | Assembled infested the area 623 | -10/Mines | Entered Exiles 665 | -10/Exiles | Met 8R-AWN 692 | -10/Exiles | Met EX-HEX 751 | -10/Exiles | Met EX-DEC 780 | -10/Exiles | Learned location of Zion (-7) 812 | -10/Exiles | Met EX-BIN 835 | -10/Exiles | Aligned with FarCom system 836 | -10/Exiles | Given EX-Vault access code 881 | -10/Exiles | Opened EX-Vault 894 | -10/Exiles | Found AWS/Gauss 927 | -10/Exiles | Warned to stay clear of 0b10 Research branches 1065 | -10/Exiles | Discovered new exit (range 14) 1082 | -10/Exiles | Left Exiles lab with AWS/Gauss 1082 | -10/Exiles | Entered Mines 1114 | -9/Mines | Received a Rocket Launcher from a helpful Derelict 1644 | -9/Mines | Assisted by bots powering up and referring to "LRC-V3" 1673 | -9/Mines | Learned Materials emergency access door positions 1906 | -9/Mines | Discovered new exit (range 8) 1928 | -9/Mines | Received a Mining Laser from a helpful Derelict 1958 | -9/Mines | Entered Materials 1958 | -8/Materials | Accompanied by 4 allies 1958 | -8/Materials | Evolved 4 slots: Propulsion x1, Utility x3 2071 | -8/Materials | Self-destructed Last Messages --------------- LOCATION=UNKNOWN GOAL=ESCAPE 01958_ Receiving FarCom transmissions... Loading Materials emergency access points (x6)... 02052_ K-01 Serf collects debris. 02056_ K-01 Serf cleans the Nuclear Reactor. 02061_ K-01 Serf collects debris. 02063_ Penetrated by Slug. 02063_ Nuclear Reactor explodes. 02063_ Imp. Treads destroyed. 02063_ Mercenary 2a destroyed. 02063_ Trooper 2b destroyed. 02065_ H-61 Shepherd calls for reinforcements. 02065_ ALERT: Hostile activity reported, dispatching reinforcements to area. 02065_ Trooper 2a destroyed. 02065_ K-01 Serf collects debris. 02069_ ALERT: Garrison Access compromised, dispatching assault squad. 02069_ Garrison Access disabled. 02069_ Relay Coupler [Grunt] tumbles out of Garrison Access. Map ----- +----------------------------------------------------+ | ???????????????????????????????????????? | | ???????????????????????????????????????? | | ???????????????????????????????????????? | | ???????????????????????????????????????? | | ???????????????????????????????????????? | | ???????????????????????????????????????? | | ???????????????????????????????????????? | | ???????????????????????????????????????? | | ???????????????????????????????????????? | | ???????????????????????????????????????? | | ????????????????? ?????????????????????? | | ????????????????? ?????????????????????? | | ???????????????? ?????????????????????? | | ????????????????T ?????????????????????? | | ???????????????? ?????????????????????? | | ???????????????? ?????????????????????? | | ???????????????? #?????????????????????? | | ???????????????# #?????????????????????? | | ????????####?### ###???????????????????? | | ???????? ?# #???????????????????? | | ?????# """ # ####????????????????? | | ?????# """ + H ??? ?????????????? | | ?????# """ ##??? ?????????????? | | ???????? ##?? ?????????????? | | ??????????## k ### ?????????????? | | ??????????#= @ [% g # ?????????????? | | ??????????# % """ # ?????????????? | | ??????????# "gg *""" # ?????????????? | | ??????????# "G! =%""" # #????????????? | | ??????????# "" [% # #????????????? | | ??????????# ! ] # #????????????? | | ??????????#### ;+#### #????????????? | | ?????????????# u #?# #????????????? | | ?????????????#""" #?# #????????????? | | ?????????????#""" #?# #????????????? | | ?????????????#""" ### #????????????? | | ?????????????# + ########?????? | | ?????????????#""" ### # #?????? | | ?????????????#""" #?# # """ !#?????? | | ???###########""" ] #?# # """ #?????? | | ???# ## #?# # """ #?????? | | ???# """ ######+###### # #?????? | | ???# "R # # """ #?????? | | ???# """ # + """ #?????? | | ???# + # """ #?????? | | ???# """ # ########### #?????? | | ???# """ # #?? ???#=!! #?????? | | ???# """ # #? """ ???#=!! #?????? | | ???# # # """""???#=! #?????? | | ???########## + """""???# #?????? | +----------------------------------------------------+ Best States ------------- Heat Dissipation 31 Energy Generation 10 Energy Capacity 125 Matter Stores 300 Matter Capacity 300 Sight Range 16 Terrain Scan Density 10 Evasion (%) 40 Recoil Reduction 3 Item Schematics ----------------- None Robot Schematics ------------------ None Fabricated ------------ Nothing Alien Tech Used ----------------- None Achievements -------------- None Challenges ------------ None Game ------ Seed SuspensionStorageLeg Manual? 0 Play Time 00:07:45 Cumulative 325.0 hours Start 2023.03.03 @ 18:02:01 End 2023.03.03 @ 18:09:32 Sessions 1 Manual Loads 0 Difficulty Rogue Special Mode None Game No. 429 Rogue 342 Adventurer 87 Explorer 0 Win Type - Total 12 Types 6/0/4/1/1/0/0/0/0 Lore% 85 Gallery% 86 Achievement% 73 Wizard Run 0 Options --------- ASCII 0 Keyboard 1 Movement Numpad Keybinds 0 Fullscreen 1 Font 18/SmallcapsGlow Map View 76x50 Tactical HUD 1 Map Filters NONE Filters NONE Steam 1 RUN: b46821e1-18ef-4e71-a2ce-9f4b0af4cd34